AoeStats
← 散步黑鵝

Nomad

507733432Analyzed
4v4 RM · 13d ago on Sep 19, 2026· 26m 39s· 8 players
Game mode
Random Map
Map size
231×231
Population
200
Speed
Normal
Resources
Standard
Victory
Conquest
Starting age
Dark Age
Ending age
Imperial Age
RankedLock teamsTeams togetherTeam positionsShared explorationLock speedFull tech treeHidden civsTurbo modeCheats
Victory
Defeat
🇹🇼 Persians · Taiwan
2075
+6
🇭🇰 Tupi · Hong Kong SAR China
2066
+6
🇹🇼 Vietnamese · Taiwan
2055
+7
🇹🇼 Burgundians · Taiwan
1966
+9
🇦🇷 Mongols · Argentina
1896
-9
🇺🇸 Spanish · United States
1888
-8
🇨🇳 Mapuche · China
1786
-6
🇭🇰 Persians · Hong Kong SAR China
1715
-5
Eli
11:23 Feudal Age
11:51 Town Watch
11:52 Double-Bit Axe
18:10 Loom
19:25 Fletching
19:48 Horse Collar
RustyCrowHK
5:48 Loom
13:47 Feudal Age
14:20 Double-Bit Axe
19:38 Castle Age
17:33 Gold Mining
20:24 Bow Saw
22:53 Town Watch
23:58 Fletching
Fish
14:04 Feudal Age
17:25 Castle Age
15:33 Double-Bit Axe
16:08 Gold Mining
16:23 Horse Collar
16:31 Loom
16:31 Town Watch
16:47 Fishing Lines
18:22 Bow Saw
18:56 Gillnets
19:07 Fletching
21:35 Wheelbarrow
21:24 Medium Warships
26:32 Imperial Age
端木木木木木
13:35 Feudal Age
14:22 Horse Collar
14:29 Double-Bit Axe
17:12 Castle Age
16:10 Gold Mining
16:15 Loom
16:22 Fletching
17:49 Bodkin Arrow
18:32 Padded Archer Armor
19:59 Ballistics
21:49 Wheelbarrow
23:08 Leather Archer Armor
24:27 Horse Collar
ANKR.Navvy
4:25 Loom
9:33 Double-Bit Axe
14:56 Feudal Age
14:02 Fishing Lines
19:30 Castle Age
17:22 Gold Mining
18:23 Bow Saw
18:57 Forging
19:51 Gillnets
20:24 Medium Warships
20:54 Wheelbarrow
21:21 Scale Barding Armor
22:26 Chain Barding Armor
24:26 Town Watch
Nezzar
10:21 Loom
12:32 Feudal Age
13:24 Town Watch
16:26 Castle Age
14:56 Double-Bit Axe
15:54 Fishing Lines
17:28 Bow Saw
18:18 Fletching
20:01 Bodkin Arrow
22:26 Padded Archer Armor
24:23 Ballistics
26:41 Horse Collar
散步黑鵝
4:48 Loom
14:08 Feudal Age
17:54 Castle Age
17:35 Double-Bit Axe
19:12 Medium Warships
20:43 Fletching
23:07 Padded Archer Armor
24:09 Bodkin Arrow
25:31 Leather Archer Armor
Rayz
11:50 Feudal Age
12:21 Double-Bit Axe
15:49 Wheelbarrow
18:15 Fishing Lines
22:54 Castle Age
23:32 Bow Saw
23:31 Gillnets
Connection lost

Rejoining the realm…

Still unreachable

The connection could not be restored.

Session expired

The server has moved on; the page needs a fresh start.